Cogmind - Beta 13 @@@ ROGUE MODE // 2024.04.05 @ 22:15:56 Player: transfeminist char aznable Result: Self-destructed Performance ------------- Evolutions (2) 1000 Regions Visited (7) 1400 Robots Destroyed (80) 400 Value Destroyed (2068) 2068 Prototype IDs (4) 80 Alien Tech Used (0) 0 Bonus (311) 311 TOTAL SCORE: 5259 Bonus ------- High Alert Combat Kills 11 Aligned with FarCom 300 Cogmind --------- Core Integrity 370/550 Matter 107/300 Energy 100/100 System Corruption 0% Temperature Warning (342) Movement Rolling (160) Ox4 Location -8/Materials Parts ------- > --- POWER (1) -------- (None) > --- PROPULSION (4) --- Armored Treads Compact Wheel Compact Wheel > --- UTILITY (4) ------ Cargo Storage Unit Improved Targeting Computer > --- WEAPON (2) ------- Heavy Assault Rifle Hammer > --- INVENTORY (30) --- Reinforced Ion Engine Reinforced Ion Engine Reinforced Ion Engine Light Treads Compact Wheel Airjet Airjet Heat Sink Small Storage Unit Huge Storage Unit Large Matter Pod (150) High-capacity Matter Pod (200) Improved Sensor Array Improved Sensor Array Hardened Medium Armor Plating Hardened Medium Armor Plating Hardened Medium Armor Plating Reflective Plating Long-range Tractor Beam Shock Rifle Heavy Assault Rifle Improved Light Cannon Shock Bomb Launcher Peak State ------------ > --- POWER ------------ Light Nuclear Core > --- PROPULSION ------- Armored Treads Compact Wheel Compact Wheel Compact Wheel > --- UTILITY ---------- Cargo Storage Unit Improved Targeting Computer Hardened Medium Armor Plating > --- WEAPON ----------- High-powered Shotgun Assault Cannon > --- INVENTORY -------- Improved Ion Engine Reinforced Ion Engine Reinforced Ion Engine Reinforced Ion Engine Light Treads Compact Wheel Compact Wheel Airjet Airjet Heat Sink Small Storage Unit Huge Storage Unit Large Matter Pod High-capacity Matter Pod Improved Sensor Array Improved Sensor Array Hardened Medium Armor Plating Hardened Medium Armor Plating Hardened Medium Armor Plating Hardened Medium Armor Plating Reflective Plating Long-range Tractor Beam Shock Rifle Heavy Assault Rifle Heavy Assault Rifle Improved Light Cannon Shock Bomb Launcher Hammer [Rating: 27] Favorites ----------- Power Reinforced Ion Engine Engine Reinforced Ion Engine Power Core Light Nuclear Core Propulsion Compact Wheel Treads Light Treads Leg Aluminum Leg Wheel Compact Wheel Utility Cargo Storage Unit Device Seismic Detector Storage Cargo Storage Unit Processor Targeting Computer Protection Core Shielding Weapon Shotgun Ballistic Gun Shotgun Ballistic Cannon Light Cannon Launcher Rocket Launcher Impact Weapon Hammer Build | -11 -10 -10 -9 -9 -9 -8 -8 ------- Run | Yrd Mat Min Mat Min Exi Min Mat Slots Evolved 4 | . . . 2 . . . 2 Power . | . . . . . . . . Propulsion 2 | . . . 1 . . . 1 Utility 2 | . . . 1 . . . 1 Weapon . | . . . . . . . . Parts Attached 70 | 6 12 . 27 1 . 3 21 Power 8 | 1 2 . 2 . . 1 2 Engine 6 | 1 2 . 2 . . . 1 Core 2 | . . . . . . 1 1 Reactor . | . . . . . . . . Propulsion 22 | 2 2 . 11 1 . 2 4 Treads 5 | 2 . . 1 . . 1 1 Leg 2 | . 2 . . . . . . Wheel 15 | . . . 10 1 . 1 3 Hover . | . . . . . . . . Flight . | . . . . . . . . Utility 14 | 1 4 . 5 . . . 4 Device 3 | . 1 . 2 . . . . Storage 5 | 1 2 . 1 . . . 1 Processor 2 | . . . 1 . . . 1 Hackware . | . . . . . . . . Protection 4 | . 1 . 1 . . . 2 Artifact . | . . . . . . . . Weapon 26 | 2 4 . 9 . . . 11 Energy Gun . | . . . . . . . . Energy Cannon . | . . . . . . . . Ballistic Gun 17 | 2 2 . 8 . . . 5 Ballistic Cannon 4 | . 2 . 1 . . . 1 Launcher 3 | . . . . . . . 3 Special Weapon . | . . . . . . . . Impact Weapon 2 | . . . . . . . 2 Slashing Weapon . | . . . . . . . . Piercing Weapon . | . . . . . . . . Special Melee Weapon . | . . . . . . . . Unidentified Prototypes 1 | . . . . . . . 1 Parts Lost 28 | . 4 . 11 1 . 1 11 Power 4 | . 1 . 1 . . . 2 Propulsion 13 | . 2 . 5 1 . 1 4 Utility 3 | . . . 1 . . . 2 Weapon 8 | . 1 . 4 . . . 3 Highest Loss Streak 10 | . 2 . 5 1 . 1 10 To Critical Strikes . | . . . . . . . . Average Slot Usage (%) 89 | . 89 100 87 88 88 88 89 Engine 10 | . 14 14 10 11 11 4 . Core 1 | . . . . . . 6 8 Treads 6 | . 21 . 1 . . . . Leg 3 | . 4 28 1 . . . . Wheel 20 | . . . 28 33 33 32 35 Storage 11 | . 14 14 11 11 11 11 9 Processor 6 | . . . 9 11 11 11 9 Protection 3 | . 3 14 2 . . . 8 Ballistic Gun 19 | . 23 . 20 22 22 22 15 Ballistic Cannon 3 | . 4 28 1 . . . . Naked Turns . | . . . . . . . . Heaviest Build 163 | 11 146 32 156 156 156 156 163 Greatest Support 64 | 40 40 20 48 48 48 48 64 Greatest Overweight (x) 9 | . 9 1 4 3 3 3 5 Average Overweight (x) 2 | . . 1 2 3 3 3 2 Largest Inventory Capacity 30 | 8 30 15 30 30 30 30 30 Average Capacity 24 | 7 16 15 27 30 30 30 30 Most Carried 30 | 1 15 15 30 30 30 30 30 Average Carried 21 | . 10 15 25 29 29 29 28 Final Capacity 30 | 8 15 15 30 30 30 30 30 Final Carried 30 | 1 15 15 30 30 30 30 23 Class Distribution -------------------- 64% | Hauler-Mutant 32% | Mutant Dominant Class ---------------- Mutant | -10/Materials Mutant | -10/Mines Hauler-Mutant | -9/Materials Hauler-Mutant | -9/Mines Hauler-Mutant | -9/Exiles Hauler-Mutant | -8/Mines Hauler-Mutant | -8/Materials Resources | -11 -10 -10 -9 -9 -9 -8 -8 ----------- Run | Yrd Mat Min Mat Min Exi Min Mat Matter Collected 2603 | 255 536 138 887 192 145 74 376 Remotely . | . . . . . . . . Salvage Created 2563 | . 573 14 1018 229 . 139 590 Parts 175 | . 38 3 72 12 . 8 42 Haulers Intercepted 9 | . 2 . 6 . . . 1 Recyclers Shooed 4 | . 3 . . . . . 1 Parts Field Recycled . | . . . . . . . . Retrieved Matter . | . . . . . . . . Parts Self-Destructed . | . . . . . . . . Prevented . | . . . . . . . . Kills | -11 -10 -10 -9 -9 -9 -8 -8 ------- Run | Yrd Mat Min Mat Min Exi Min Mat Combat Hostiles Destroyed 59 | . 15 2 18 6 . 3 15 Guns 44 | . 13 . 17 6 . 3 5 Cannons 6 | . 2 2 1 . . . 1 AOE 9 | . . . . . . . 9 Classes Destroyed 11 | . 4 . 4 1 . . 2 Worker 1 | . . . . . . . 1 Builder 4 | . 1 . 1 . . . 2 Hauler 9 | . 2 . 6 . . . 1 Recycler 2 | . . . 1 . . . 1 Mechanic 1 | . . . . . . . 1 Watcher 4 | . . . 2 . . . 2 Swarmer 17 | . 5 2 3 . . . 7 Grunt 29 | . 10 . 7 4 . 2 6 Brawler 3 | . . . . 2 . 1 . Duelist 1 | . . . 1 . . . . Sentry 9 | . . . 7 . . . 2 Best Kill Streak 11 | . 5 2 5 3 . 3 11 Combat Bots Only 5 | . 5 2 5 3 . 3 5 Max Kills in Single Turn 2 | . 2 1 2 1 . 1 2 Gunslinging 1 | . . . 1 . . . . Exploded 2 | . . . . . . . 2 Melee . | . . . . . . . . Uniques/NPCs Destroyed . | . . . . . . . . Combat | -11 -10 -10 -9 -9 -9 -8 -8 -------- Run | Yrd Mat Min Mat Min Exi Min Mat Hostile Shots Fired 455 | . 119 4 139 31 . 9 153 Missed 110 | . 29 1 40 7 . 3 30 Damage Taken 4674 | . 884 24 1444 294 . 103 1925 Core 756 | . 179 7 315 45 . 30 180 Absorbed by Shields . | . . . . . . . . Redirected to Shielding 44 | . 12 1 31 . . . . Core Remaining (%) 42 | 100 . 25 . . . 2 . Volleys Fired 254 | . 81 2 96 16 . 7 52 Largest 2 | . 2 2 2 2 . 2 2 Hottest 70 | . 70 70 70 46 . 46 69 Shots Fired 484 | . 161 5 190 32 . 14 82 Gun 402 | . 144 . 157 32 . 14 55 Cannon 65 | . 17 5 33 . . . 10 Launcher 17 | . . . . . . . 17 Special . | . . . . . . . . Kinetic 467 | . 161 5 190 32 . 14 65 Thermal . | . . . . . . . . Explosive 14 | . . . . . . . 14 Electromagnetic 3 | . . . . . . . 3 Robot Hit Streak 26 | . 15 2 19 8 . 15 26 Robot Miss Streak 7 | . 4 1 3 3 . 2 7 Penetration Max . | . . . . . . . . Secondary Targets 3 | . 1 . 2 . . . . Max Gunslinging Chain 1 | . 1 . 1 . . . . Shots Hit Robots 333 | . 97 2 147 24 . 11 52 Core Hits 157 | . 35 2 58 11 . 9 42 Critical Kills 1 | . . . 1 . . . . Critical Parts Destroyed 1 | . . . 1 . . . . Critical Strikes 5 | . 1 . 4 . . . . Destroy 2 | . . . 2 . . . . Blast 3 | . 1 . 2 . . . . Melee Attacks 5 | . . . . . . . 5 Impact 5 | . . . . . . . 5 Slashing . | . . . . . . . . Piercing . | . . . . . . . . Sneak Attacks . | . . . . . . . . Combat Hostiles . | . . . . . . . . Follow-up Attacks . | . . . . . . . . Damage Inflicted 5925 | . 1078 36 2193 409 . 202 2007 Guns 3944 | . 943 . 1768 409 . 180 644 Cannons 772 | . 135 36 424 . . . 177 Explosions 1123 | . . . . . . . 1123 Melee 54 | . . . . . . . 54 Ramming 32 | . . . 1 . . 22 9 Kinetic 4716 | . 1078 36 2192 409 . 180 821 Thermal . | . . . . . . . . Explosive 998 | . . . . . . . 998 Electromagnetic 125 | . . . . . . . 125 Impact 54 | . . . . . . . 54 Slashing . | . . . . . . . . Piercing . | . . . . . . . . Highest Corruption 4 | . 4 4 . . . . . Average Corruption 3 | . 3 4 . . . . . Corruption Purged . | . . . . . . . . Corruption Blocked . | . . . . . . . . Effects 33 | . 23 10 . . . . . Message Errors 12 | . 10 2 . . . . . Matter Fused 4 | . 2 2 . . . . . Heat Flow Errors 4 | . 3 1 . . . . . Energy Discharges 6 | . 3 3 . . . . . Data Loss (minor) 2 | . 1 1 . . . . . Data Loss (major) 1 | . 1 . . . . . . Misfires 2 | . 1 1 . . . . . Alerts 1 | . 1 . . . . . . Weapon Failures 1 | . 1 . . . . . . Overload Shots . | . . . . . . . . Overflow Damage 30 | . . . . . . . 30 Projectiles . | . . . . . . . . Explosions 30 | . . . . . . . 30 Melee . | . . . . . . . . Knockbacks 9 | . 2 . 3 . . . 4 Impact 1 | . . . . . . . 1 Kinetic 8 | . 2 . 3 . . . 3 Secondary . | . . . . . . . . Self-Inflicted Damage 60 | . . . . . . 11 49 Shots 1 | . . . . . . . 1 Rammed 3 | . . . 1 . . 1 1 Targets Rammed 3 | . . . 1 . . 1 1 Kicked . | . . . . . . . . Crushed . | . . . . . . . . Highest Temperature 429 | . 272 240 67 24 . 26 429 Average Temperature 69 | . 47 84 17 10 . 8 180 Received Heat Transfer 2034 | . 276 . 537 132 . 72 1017 Effects 6 | . . . . . . . 6 Shutdowns 1 | . . . . . . . 1 Energy Bleed 2 | . . . . . . . 2 Interference 2 | . . . . . . . 2 Damage (major) 1 | . . . . . . . 1 Siege Activations . | . . . . . . . . Robots Corrupted . | . . . . . . . . Combat Hostiles . | . . . . . . . . Parts Fried . | . . . . . . . . Impact Corruptions . | . . . . . . . . Robots Melted . | . . . . . . . . Combat Hostiles . | . . . . . . . . Parts Melted . | . . . . . . . . Heat Transferred . | . . . . . . . . Parts Sabotaged . | . . . . . . . . Parts Stolen . | . . . . . . . . Parts Stripped . | . . . . . . . . Power Chain Reactions . | . . . . . . . . Alert | -11 -10 -10 -9 -9 -9 -8 -8 ------- Run | Yrd Mat Min Mat Min Exi Min Mat Peak Influence 433 | . 220 145 237 135 . 70 433 Initial 80 | . . 80 . 5 . . 29 Average 85 | . 70 117 53 87 . 47 206 Maximum Alert Level 2 | . 1 . 1 . . . 2 Low Security (%) 88 | 100 95 100 94 100 . 100 38 Level 1 10 | . 4 . 5 . . . 50 Level 2 1 | . . . . . . . 11 Level 3 . | . . . . . . . . Level 4 . | . . . . . . . . Level 5 . | . . . . . . . . High Security . | . . . . . . . . Max Security . | . . . . . . . . Squads Dispatched 6 | . 3 . 1 . . 1 1 Investigation 6 | . 3 . 1 . . 1 1 Extermination . | . . . . . . . . Reinforcement . | . . . . . . . . Assault . | . . . . . . . . Garrison . | . . . . . . . . Intercept . | . . . . . . . . Searches Triggered . | . . . . . . . . Construction Impeded . | . . . . . . . . Haulers Reinforced . | . . . . . . . . Active Scanning Responses . | . . . . . . . . Cargo Convoy Interrupts . | . . . . . . . . Stealth | -11 -10 -10 -9 -9 -9 -8 -8 --------- Run | Yrd Mat Min Mat Min Exi Min Mat Distress Signals 5 | . . . 3 . . . 2 Communications Jammed . | . . . . . . . . Distress Signals . | . . . . . . . . Times Spotted 99 | . 29 3 32 6 . 3 26 Peak Tracking Total 7 | . 7 3 6 3 . 3 6 Tactical Retreats 3 | . . 1 2 . . . . Traps | -11 -10 -10 -9 -9 -9 -8 -8 ------- Run | Yrd Mat Min Mat Min Exi Min Mat Traps Triggered 4 | . 3 . 1 . . . . Indirectly . | . . . . . . . . Trap Hack Attempts . | . . . . . . . . Triggered . | . . . . . . . . Disarmed . | . . . . . . . . Reprogrammed . | . . . . . . . . Reused . | . . . . . . . . Traps Extracted . | . . . . . . . . Installed . | . . . . . . . . Triggered . | . . . . . . . . Machines | -11 -10 -10 -9 -9 -9 -8 -8 ---------- Run | Yrd Mat Min Mat Min Exi Min Mat Machines Disabled 7 | . 2 . . . . . 5 Max in Single Turn 2 | . 1 . . . . . 2 Machines Repaired . | . . . . . . . . Machines Dismantled . | . . . . . . . . Machines Sabotaged . | . . . . . . . . Overloaded Fab Kills . | . . . . . . . . Hacking | -11 -10 -10 -9 -9 -9 -8 -8 --------- Run | Yrd Mat Min Mat Min Exi Min Mat Machines Accessed 23 | . 8 . 5 . 4 2 4 Terminals 17 | . 7 . 5 . . 2 3 Fabricators . | . . . . . . . . Repair Stations . | . . . . . . . . Recycling Units 1 | . 1 . . . . . . Scanalyzers 1 | . . . . . . . 1 Garrison Access . | . . . . . . . . Total Hacks 104 | . 19 . 18 . 49 6 12 Successful 74 | . 6 . 11 . 49 2 6 Failed 30 | . 13 . 7 . . 4 6 Catastrophic 7 | . 3 . . . . 2 2 Database Lockouts . | . . . . . . . . Manual 30 | . 14 . 6 . 2 6 2 Terminals 48 | . 16 . 18 . . 6 8 Fabricators . | . . . . . . . . Repair Stations . | . . . . . . . . Recycling Units 3 | . 3 . . . . . . Scanalyzers 4 | . . . . . . . 4 Garrison Access . | . . . . . . . . Terminal Hacks 67 | . 3 . 9 . 49 2 4 Record 49 | . . . . . 49 . . Part Schematic 4 | . 1 . 1 . . 2 . Prototype ID Bank 1 | . . . 1 . . . . Branch Access Points 1 | . 1 . . . . . . Alert Level 2 | . . . 2 . . . . Unreport Threat 5 | . . . 2 . . . 3 Locate Traps 2 | . . . 2 . . . . Dispatch Records 1 | . . . . . . . 1 Patrol Status 1 | . 1 . . . . . . Zone Layout 1 | . . . 1 . . . . Fabricator Hacks . | . . . . . . . . Repair Station Hacks . | . . . . . . . . Recycling Unit Hacks 1 | . 1 . . . . . . Retrieve Matter 1 | . 1 . . . . . . Scanalyzer 2 | . . . . . . . 2 Insert Component 1 | . . . . . . . 1 Analyze 1 | . . . . . . . 1 Garrison Access Hacks . | . . . . . . . . Unauthorized Hacks 4 | . 2 . 2 . . . . Terminals 3 | . 1 . 2 . . . . Botnet 3 | . 1 . 2 . . . . Fabricators . | . . . . . . . . Repair Stations . | . . . . . . . . Recycling Units 1 | . 1 . . . . . . Mask 1 | . 1 . . . . . . Scanalyzers . | . . . . . . . . Garrison Access . | . . . . . . . . Data Cores Recovered . | . . . . . . . . Used . | . . . . . . . . Hacking Detections 19 | . 8 . 5 . . 2 4 Full Trace Events 4 | . 2 . . . . 1 1 Feedback Events 1 | . 1 . . . . . . Corruption 1 | . 1 . . . . . . Feedback Blocked . | . . . . . . . . Robot Schematics Acquired . | . . . . . . . . Robots Built . | . . . . . . . . Authchips . | . . . . . . . . Time . | . . . . . . . . Total Robot Build Rating . | . . . . . . . . Part Schematics Acquired 5 | . 1 . 1 . . 2 1 Parts Built . | . . . . . . . . Authchips . | . . . . . . . . Time . | . . . . . . . . Total Part Build Rating . | . . . . . . . . Parts Repaired . | . . . . . . . . Time . | . . . . . . . . Parts Recycled . | . . . . . . . . Recycled Matter . | . . . . . . . . Retrieved Matter 11 | . 11 . . . . . . Retrieved Components . | . . . . . . . . Parts Scanalyzed 1 | . . . . . . . 1 Part Schematics Acquired 1 | . . . . . . . 1 Parts Damaged . | . . . . . . . . Bothacking | -11 -10 -10 -9 -9 -9 -8 -8 ------------ Run | Yrd Mat Min Mat Min Exi Min Mat Used RIF Installer . | . . . . . . . . Robots Hacked . | . . . . . . . . Non-combat . | . . . . . . . . Combat . | . . . . . . . . Robot Hacks Applied . | . . . . . . . . Relay Couplers Released . | . . . . . . . . Fabnet Peak Effective % . | . . . . . . . . Robots Rewired . | . . . . . . . . Allies Hacked . | . . . . . . . . Hacks Repelled . | . . . . . . . . Allies | -11 -10 -10 -9 -9 -9 -8 -8 -------- Run | Yrd Mat Min Mat Min Exi Min Mat Total Allies . | . . . . . . . . Largest Group . | . . . . . . . . Highest-Rated Group . | . . . . . . . . Highest-Rated Ally . | . . . . . . . . Total Orders . | . . . . . . . . Ally Attacks . | . . . . . . . . Total Damage . | . . . . . . . . Kills . | . . . . . . . . Allies Corrupted . | . . . . . . . . Allies Melted . | . . . . . . . . Intel | -11 -10 -10 -9 -9 -9 -8 -8 ------- Run | Yrd Mat Min Mat Min Exi Min Mat Robot Analysis Total . | . . . . . . . . Derelict Logs Recovered 2 | . . 2 . . . . . Drone Launches . | . . . . . . . . Drone Recoveries . | . . . . . . . . Exploration | -11 -10 -10 -9 -9 -9 -8 -8 ------------- Run | Yrd Mat Min Mat Min Exi Min Mat Turns Passed 6744 | 68 1945 402 1845 395 1051 284 754 Spaces Moved 3596 | 39 810 209 994 247 723 148 426 Core 5 | 3 2 . . . . . . Treads 676 | 36 630 . 10 . . . . Legs 416 | . 178 209 29 . . . . Wheels 2499 | . . . 955 247 723 148 426 Hover . | . . . . . . . . Flight . | . . . . . . . . Fastest Speed 50 | 50 160 190 100 138 145 145 130 Average Speed 157 | 151 204 190 140 139 145 145 130 Slowest Speed 500 | 160 500 190 260 145 145 145 175 Overloaded Moves . | . . . . . . . . Propulsion Burnouts . | . . . . . . . . Robots Hopped . | . . . . . . . . Cave-ins Triggered . | . . . . . . . . Time Travels 1 | . . . . . . . 1 Exploration Rate (%) 57 | 3 97 51 77 57 93 38 43 Regions Visited 7 Branch Regions 4 Pre-discovered Areas 1 | . . . . . 1 . . Known Exits Taken 3 | . 1 . 1 . . 1 . Unknown Exits Taken 4 | 1 . 1 . 1 1 . . Scrap Searched 3 | . . 1 . 1 . 1 . Spaces Dug 1 | . . . . . . . 1 Terrain Destroyed 56 | . . . . . . . 56 Melee 1 | . . . . . . . 1 Projectile . | . . . . . . . . AOE 55 | . . . . . . . 55 Terrain Rammed . | . . . . . . . . Walls Destroyed . | . . . . . . . . Machines Disabled . | . . . . . . . . Actions | -11 -10 -10 -9 -9 -9 -8 -8 --------- Run | Yrd Mat Min Mat Min Exi Min Mat Total 4217 | 45 953 212 1276 266 727 202 536 Wait 130 | . 13 . 70 . 1 41 5 Move 3590 | 38 809 208 993 246 722 148 426 Hop . | . . . . . . . . Pick Up 111 | 1 31 1 58 2 2 2 14 Fast Attach 16 | 6 3 . 7 . . . . Attach 31 | . 5 . 12 1 . 1 12 Detach 3 | . . . 2 . . . 1 Swap 23 | . 4 . 8 . . 2 9 Drop 52 | . 7 1 29 1 2 1 11 Fire 254 | . 81 2 96 16 . 7 52 Melee 5 | . . . . . . . 5 Ram 1 | . . . . . . . 1 Kick . | . . . . . . . . Crush 1 | . . . 1 . . . . Escape Stasis . | . . . . . . . . Rewire . | . . . . . . . . Trap . | . . . . . . . . Miscellaneous . | . . . . . . . . Route ------- -11/Scrapyard -10/Materials (discovered 5 exits: *Mat x3 / *Min x2) -10/Mines -9/Materials (discovered 5 exits: *Mat x2 / *Min / *Sto x2) -9/Mines (discovered 3 exits: *Mat x2 / *Exi) -9/Exiles (discovered 2 exits: *Min x2) -8/Mines -8/Materials (discovered 1 exit: [*Fac]) History --------- Turn | Location | Event 42 | -11/Scrapyard | Discovered new exit (range 14) 69 | -11/Scrapyard | Entered Materials 97 | -10/Materials | Discovered new exit (range 11) 130 | -10/Materials | Discovered new exit (range 14) 329 | -10/Materials | Build established: Mutant 337 | -10/Materials | Identified exit to Mines 880 | -10/Materials | Build established: Hauler-Mutant 1070 | -10/Materials | Discovered new exit (range 3) 1324 | -10/Materials | Build established: Mutant 1356 | -10/Materials | Discovered new exit (range 13) 1464 | -10/Materials | Core integrity fell below 50% 2014 | -10/Materials | Entered Mines 2017 | -10/Mines | Met a Derelict bent on vengeance 2191 | -10/Mines | Discovered new exit (range 9) 2362 | -10/Mines | Learned location of 2 exits from Materials 2416 | -10/Mines | Entered Materials 2416 | -9/Materials | Evolved 2 slots: Propulsion x1, Utility x1 2417 | -9/Materials | Identified exit to Storage 2418 | -9/Materials | Identified exit to Mines 2418 | -9/Materials | Identified exit to Materials 2559 | -9/Materials | Lost 5 parts (2n1u2w) 3096 | -9/Materials | Build established: Hauler-Mutant 3100 | -9/Materials | Discovered exit to Materials (range 15) 3530 | -9/Materials | Discovered exit to Storage (range 5) 3554 | -9/Materials | Core integrity fell below 50% 4261 | -9/Materials | Entered Mines 4263 | -9/Mines | Core integrity fell below 20% 4349 | -9/Mines | Discovered exit to Materials (range 15) 4419 | -9/Mines | Discovered exit to Materials (range 15) 4624 | -9/Mines | Received a Rocket Launcher from a helpful Derelict 4649 | -9/Mines | Deemed a non-threat by the Exiles lab entrance 4651 | -9/Mines | Discovered new exit (range 5) 4656 | -9/Mines | Entered Exiles 4678 | -9/Exiles | Discovered new exit (range 15) 4694 | -9/Exiles | Met 8R-AWN 4719 | -9/Exiles | Met EX-HEX 4799 | -9/Exiles | Met EX-DEC 4863 | -9/Exiles | Visited The Gauntlet 5096 | -9/Exiles | Learned location of Zion (-6) 5164 | -9/Exiles | Discovered new exit (range 14) 5281 | -9/Exiles | Met EX-BIN 5303 | -9/Exiles | Aligned with FarCom system 5305 | -9/Exiles | Given EX-Vault access code 5367 | -9/Exiles | Opened EX-Vault 5376 | -9/Exiles | Found Prototype Device 5409 | -9/Exiles | Warned to stay clear of 0b10 Research branches 5707 | -9/Exiles | Left Exiles lab with Chronowheel 5707 | -9/Exiles | Entered Mines 5982 | -8/Mines | Discovered exit to Materials (range 5) 5991 | -8/Mines | Entered Materials 5991 | -8/Materials | Evolved 2 slots: Propulsion x1, Utility x1 5995 | -8/Materials | Identified Chronowheel 5995 | -8/Materials | Activated Chronowheel 5995 | -8/Materials | Spacetime reconverged on an earlier point 6578 | -8/Materials | Discovered new exit (range 4) 6745 | -8/Materials | Self-destructed Last Messages --------------- 06721_ Acquired 42 matter. 06722_ Power failure, Imp. Ion Engine shutdown. 06722_ K-01 Serf collects debris. 06723_ Com. Wheel destroyed. 06724_ K-01 Serf collects debris. 06726_ Critical hit (Burn: +37). 06727_ Overheating: System interference. 06727_ Imp. Targeting Computer temporarily disabled. 06728_ Hpw. Shotgun destroyed. 06728_ K-01 Serf collects debris. 06734_ Acquired 1 matter. 06734_ Critical hit (Burn: +37). 06736_ Assault Cannon destroyed. 06736_ K-01 Serf collects debris. 06739_ Overheating: Imp. Targeting Computer damaged (-4). 06740_ Imp. Ion Engine destroyed. 06741_ K-01 Serf collects debris. 06742_ Hrd. Medium Armor Plating destroyed. Map ----- +----------------------------------------------------+ | ?????????????????????????????????????????????????? | | ?????????????????????????????????????????????????? | | ?????????????????????????????????????????????????? | | ?????????????????????????????????????????????????? | | ?????????????????????????????????????????????????? | | ?????????????????????????????????????????????????? | | ?????????????????????????????????????????????????? | | ?????????????????????????????????????????????????? | | ?????????????????????????????????????????????????? | | ?????????????????????????????????????????????????? | | ?????????????????????????????????????????????????? | | ?????????????????????????????????????????????????? | | ????##??####?????????????????????????????????????? | | ????# ?? #????????????????????????????????????? | | #???# ?? #????????????????????????????????????? | | ?? # """ #????????????????????????????????????? | | ""? # """ ##############+##############????????? | | """ # """ ## = ????????? | | """ # ## ????????? | | # [## % ???????? | | """ # # != %u u ???????? | | """ # = ! # % *gkk% ????????? | | """ # # "=! " ?????????? | | # " m """ ??????????? | | #"######/##### "" g g "" ??????????? | | " g@ "" """ ??????????? | | %= " % "" "" ?????????????? | | * " " """ """ ???????????? | | [%* """ """ """ ????????????? | | % w " u""" """ """ ?????????????? | | %%% %* T " " " ????????????? | | % " = " ??????????? | | ?????????? | | % a ??????????? | | ########+##### ??????????? | | ######################???????? ??????????????? | | ^^^# #???????????????????? ?????????????? | | # """"""" #????????????????????? #???????????? | | # """"""" #?????????????????????? #???????????? | | # """"""" #???????????????????????????????????? | | / """"""" #???????????????????????????????????? | | # """"""" #???????????????????????????????????? | | # #???????????????????????????????????? | | # #???????????????????????????????????? | | ###########???????????????????????????????????? | | #?######??????????????????????????????????????? | | #? !#??????????????????????????????????????? | | # #??????????????????????????????????????? | | # """ #??????????????????????????????????????? | | + """ #??????????????????????????????????????? | +----------------------------------------------------+ Best States ------------- Heat Dissipation 31 Energy Generation 14 Energy Capacity 265 Matter Stores 300 Matter Capacity 300 Sight Range 16 Robot Scan Range 14 Terrain Scan Density 10 Armor Coverage 225 Core Shielding 20 Evasion (%) 40 Targeting Accuracy 6 Recoil Reduction 2 Item Schematics ----------------- Med. Storage Unit | -10/Materials | Hacked Cargo Storage Unit | -9/Materials | Hacked Cld. Ion Engine | -8/Mines | Hacked Mining Claw | -8/Mines | Hacked Hrd. Medium Armor Plating | -8/Materials | Scanalyzed Robot Schematics ------------------ None Fabricated ------------ Nothing Alien Tech Used ----------------- None Achievements -------------- Packrat Tank Challenges ------------ None Game ------ Seed StormFortressLog Manual? 0 Play Time 01:13:11 Cumulative 25.2 hours Start 2024.04.04 @ 13:51:12 End 2024.04.05 @ 22:15:56 Sessions 5 Manual Loads 0 Difficulty Rogue Special Mode None Game No. 25 Rogue 18 Adventurer 7 Explorer 0 Win Type - Total 0 Types 0/0/0/0/0/0/0/0/0 Lore% 32 Gallery% 38 Achievement% 32 Wizard Run 0 Options --------- Layout 1 ASCII 0 Keyboard 0 Movement Arrows Keybinds 0 Fullscreen 1 Font 24/Smallcaps Map View 50x35 Zoom Use 0% Tactical HUD 1 Map Filters NONE Filters NONE Steam 1 RUN: 3414e655-0b3a-48da-b77c-b565d3c8e291